 Dungeon Crawl Stone Soup version 0.31-a0-187-gba352fbbf7 (webtiles) character file.

Game seed: 13915031402775755259

1543 Gorgondantess the Zephyrmancer (level 8, 0/43 HPs)
             Began as a Tengu Air Elementalist on June 22, 2023.
             Was an Initiate of Hepliaklqana.
             Slain by Duvessa
             ... wielding a +0 short sword
              (9 damage)
             ... on level 6 of the Dungeon.
             The game lasted 00:14:04 (5999 turns).

Gorgondantess the Zephyrmancer (TeAE)               Turns: 5999, Time: 00:14:05

Health: 0/43       AC:  5    Str:  8    XL:     8   Next: 87%
Magic:  2/15       EV: 16    Int: 22    God:    Hepliaklqana [......]
Gold:   341        SH:  0    Dex: 19    Spells: 8/15 levels left

rFire   . . .        s - +4 dagger (vamp)
rCold   . . .        (no shield)
rNeg    . . .        w - +2 animal skin
rPois   .            (helmet restricted)
rElec   .            (no cloak)
rCorr   .            n - +0 pair of gloves
SInv    .            (boots unavailable)
Will    .....        f - amulet of regeneration
Stlth   ++           x - +6 ring of intelligence
HPRegen 1.07/turn    (no ring)
MPRegen 0.14/turn

%: no passive effects
@: flying quickly and evasively, unable to read, quick
A: beak, talons 3, nimble flight, agile 1, inability to read after injury 1
a: Renounce Religion


You were on level 6 of the Dungeon.
You worshipped Hepliaklqana.
Hepliaklqana was noncommittal.
You visited 1 branch of the dungeon, and saw 6 of its levels.

You collected 341 gold pieces.

Inventory:

Hand Weapons
 h - a +0 dagger
 k - a +0 short sword
 q - a +0 falchion
 r - a +0 trident
 s - a +4 vampiric dagger (weapon)
 F - a +2 heavy spear
 J - a +1 dagger of venom
Missiles
 y - 3 poisoned darts
Armour
 a - a +0 robe
 n - a +0 pair of gloves (worn)
 p - a +0 leather armour
 w - a +2 animal skin (worn)
 E - a +0 pair of gloves
Magical Staves
 A - a staff of cold
Jewellery
 f - an amulet of regeneration (around neck)
 x - a +6 ring of intelligence (left hand)
Wands
 d - a wand of charming (5)
 H - a wand of digging (5)
Scrolls
 c - 3 scrolls of teleportation {unknown}
 g - 2 scrolls of enchant weapon {unknown}
 i - 7 scrolls of identify {unknown}
 t - 2 scrolls of immolation {unknown}
 u - a scroll of vulnerability {unknown}
 v - a scroll of fog {unknown}
 B - a scroll of fear {unknown}
 C - 2 scrolls of noise {unknown}
 D - a scroll of blinking {unknown}
 G - a scroll of torment {unknown}
Potions
 b - a potion of magic
 e - 2 potions of mutation
 j - a potion of enlightenment {unknown}
 l - a potion of brilliance {unknown}
 m - a potion of might {unknown}
 o - 2 potions of curing
 z - a potion of ambrosia {unknown}
 I - a potion of heal wounds {unknown}


   Skills:
 + Level 1.1 Fighting
 - Level 2.0 Short Blades
 - Level 0.6 Armour
 + Level 3.4 Dodging
 + Level 2.5 Stealth
 * Level 4.4 Spellcasting
 + Level 7.3 Conjurations
 * Level 10.0 Air Magic


You had 8 spell levels left.
You knew the following spells:

 Your Spells              Type           Power      Damage    Failure   Level
a - Shock                 Conj/Air       100%       1d9       1%          1
b - Static Discharge      Conj/Air       86%        2-6/arc   1%          2
c - Airstrike             Air            24%        2d(4-20)  1%          4

Your spell library contained the following spells:

 Spells                   Type           Power      Damage    Failure   Level
 Swiftness                Air            49%        N/A       1%          3
 Ensorcelled Hibernation  Hex/Ice        8%         N/A       16%         2
 Spider Form              Tmut/Pois      4%         N/A       32%         3
 Anguish                  Hex/Necr       2%         N/A       71%         4
 Chain Lightning          Conj/Air       21%        3d28      100%        9
 Fire Storm               Conj/Fire      10%        8d3       100%        9
 Shatter                  Erth           2%         3d6*      100%        9


Dungeon Overview and Level Annotations

Branches:
Dungeon (6/15)
 Temple: D:4-7

Altars:
Ashenzari
Elyvilon
Hepliaklqana
Qazlal

Shops:
D:2 [   D:3 =   D:6 :

Annotations:
D:6 Duvessa


Innate Abilities, Weirdness & Mutations

You have a beak for a mouth.
You have claws for feet.
Your magical nature lets you fly swiftly and evasively.
You are agile. (Dex +4, Str/Int -1)
You occasionally lose the ability to read scrolls when taking damage.


Message History

Duvessa hits you with a +0 short sword.
You closely miss Duvessa. Your kick misses Duvessa.
Duvessa is moderately wounded.
Duvessa hits you with a +0 short sword.
Casting: Shock (safe; 1% risk of failure)
Confirm with . or Enter, or press ? or * to list all spells.
Duvessa is struck by an arc of lightning.
Duvessa is moderately wounded.
You are struck by an arc of lightning.
Duvessa is struck by an arc of lightning.
Duvessa is moderately wounded.
You are struck by an arc of lightning.
Duvessa is struck by an arc of lightning!
Duvessa is heavily wounded.
The lightning grounds out.
Duvessa barely misses you. Duvessa hits you with a +0 short sword.
Unknown command.
You hit Duvessa but do no damage.
Duvessa looks as sick as possible!
You claw Duvessa, but do no damage.
Duvessa is heavily wounded.
Duvessa hits you but does no damage.
Casting: Static Discharge (safe; 1% risk of failure)
Confirm with . or Enter, or press ? or * to list all spells.
You don't have enough magic to cast this spell.
Unknown command.
Okay, then.
Your +1 dagger of venom stops dripping with poison.
You feel a sense of dread.
s - a +4 vampiric dagger (weapon)
Duvessa hits you but does no damage.
You hit Duvessa but do no damage.
Duvessa is heavily wounded.
Duvessa hits you with a +0 short sword!
* * * LOW HITPOINT WARNING * * *
It was a potion of mutation.
You feel extremely strange.
You occasionally lose the ability to read scrolls when taking damage.
You feel agile. Duvessa hits you with a +0 short sword!
You feel threatened and lose the ability to read scrolls!
You die...

#####[## #.#
############.##
#.........#...#
##.#.#####.#...#
##.###.###......#
#.## ##.........#
######.###.###...####
#..e@...#.## ##......
#.######.## #######
#.# #.# #[# #.# #e#
#.# #.# #.# #.# #.#
#.# #.. #.# ###


You could see Duvessa (berserk, extremely poisoned).

Vanquished Creatures
  Pikel (D:5)
  Eustachio (D:4)
  An ice beast (D:5)
  2 black bears
  3 scorpions
  Blork the orc (D:4)
  Dowan (D:6)
  2 hounds (D:5)
  2 jellies
  A sleepcap (D:6)
  Ijyb (D:2)
  2 orc wizards
  Robin (D:3)
  2 adders (D:2)
  3 shadow imps
  3 white imps
  A worm (D:2)
  2 dart slugs
  14 orcs
  4 ball pythons
  12 bats
  8 endoplasms
  3 giant cockroaches
  19 goblins
  7 hobgoblins
  11 kobolds
  2 quokkas
  7 frilled lizards
  3 rats
  A butterfly (D:6)
121 creatures vanquished.

Notes
Turn   | Place    | Note
-------+----------+-------------------------------------------
     0 | D:1      | Gorgondantess the Tengu Air Elementalist began the quest
                  | for the Orb.
     0 | D:1      | Reached XP level 1. HP: 10/10 MP: 4/4
   223 | D:1      | Reached XP level 2. HP: 15/15 MP: 4/6
   226 | D:1      | Learned a level 2 spell: Static Discharge
   573 | D:1      | Found a faded altar of an unknown god.
   587 | D:1      | Reached XP level 3. HP: 12/19 MP: 4/7
  1061 | D:2      | Found a broken altar of Ashenzari.
  1311 | D:2      | Reached XP level 4. HP: 24/24 MP: 1/9
  1550 | D:2      | Found Yduit's Armour Shop.
  1592 | D:2      | Reached skill level 5 in Air Magic
  2060 | D:3      | Noticed Ijyb
  2089 | D:2      | Killed Ijyb
  2188 | D:3      | Gained mutation: Your magical nature lets you fly swiftly
                  | and evasively. [Tengu growth]
  2188 | D:3      | Reached XP level 5. HP: 17/28 MP: 0/10
  2577 | D:3      | Found Veocyamo's Jewellery Boutique.
  2761 | D:3      | Noticed Robin
  2773 | D:3      | Killed Robin
  3139 | D:4      | Reached skill level 1 in Short Blades
  3250 | D:4      | Noticed a black bear
  3420 | D:4      | Learned a level 4 spell: Airstrike
  3451 | D:4      | Reached XP level 6. HP: 22/32 MP: 6/11
  3766 | D:4      | Killed a black bear
  3767 | D:4      | Reached skill level 6 in Air Magic
  3885 | D:4      | Noticed Blork the orc
  3930 | D:4      | Killed Blork the orc
  4059 | D:4      | Found a white marble altar of Elyvilon.
  4059 | D:4      | Found a stormy altar of Qazlal.
  4139 | D:4      | Noticed Eustachio
  4144 | D:4      | Killed Eustachio
  4145 | D:4      | Reached skill level 5 in Conjurations
  4145 | D:4      | Reached skill level 7 in Air Magic
  4145 | D:4      | Reached XP level 7. HP: 36/36 MP: 4/13
  4349 | D:5      | Entered Level 5 of the Dungeon
  4988 | D:5      | Noticed Pikel
  5012 | D:5      | Killed Pikel
  5013 | D:5      | Reached skill level 9 in Air Magic
  5013 | D:5      | Reached XP level 8. HP: 34/41 MP: 6/15
  5126 | D:5      | Found a hazy altar of Hepliaklqana.
  5140 | D:5      | Became a worshipper of Hepliaklqana the Forgotten
  5595 | D:6      | Found Poekeogoo's Book Shop.
  5867 | D:6      | Reached skill level 1 in Fighting
  5867 | D:6      | Reached skill level 10 in Air Magic
  5981 | D:6      | Noticed Dowan
  5983 | D:6      | Noticed Duvessa
  5985 | D:6      | Killed Dowan
  5999 | D:6      | Gained mutation: You occasionally lose the ability to read
                  | scrolls when taking damage. [potion of mutation]
  5999 | D:6      | Gained mutation: You are agile. (Dex +4, Str/Int -1)
                  | [potion of mutation]
  5999 | D:6      | Slain by Duvessa

Illustrated notes

Levels and vault maps discovered:
D:1:      elethiomel_arrival_quiet, layout_rooms,
          hellmonk_ecumenical_altar_run_dry
D:2:      layout_basic, serial_shops, shop, basic_altar
D:3:      layout_basic, serial_shops, nicolae_shop_rolling_square,
          grunt_ministairs_10, uniq_ijyb, uniq_robin
D:4:      layout_loops_ring, gammafunk_temple_overflow_elements,
          uniq_blork_the_orc, uniq_eustachio
D:5:      layout_loops_corners, overflow_temple_1_default, roderic_batcave,
          uniq_pikel
D:6:      layout_loops_ring, minmay_temple_entry_butterflies, serial_shops,
          shop, gammafunk_ghost_stat_death, uniq_duvessa

Skill      XL: |  1  2  3  4  5  6  7  8 |
---------------+-------------------------+-----
Conjurations   | 2 3 4 5 6 7 |  7.3
Air Magic      | 5 7 9 10 | 10.0
Spellcasting   | 3 4 |  4.4
Short Blades   | 1 2 |  2.0
Dodging        | 3 |  3.4
Fighting       | 1 |  1.1
Armour         | |  0.6
Stealth        | |  2.5

Action                     |  1- 3 |  4- 6 |  7- 9 || total
---------------------------+-------+-------+-------++-------
  Melee: Unarmed           |    10 |       |       ||    10
         Kick              |     3 |    12 |    10 ||    25
         Dagger            |     8 |    22 |    54 ||    84
         Peck              |     3 |     8 |     9 ||    20
         Short sword       |     1 |    17 |       ||    18
         Punch             |       |       |     1 ||     1
   Cast: Shock             |    57 |    54 |     3 ||   114
         Static Discharge  |     5 |     7 |    20 ||    32
         Airstrike         |       |     5 |    13 ||    18
    Use: Potion            |       |     2 |     1 ||     3
   Stab: Sleeping          |     2 |     3 |     5 ||    10
 Armour: Robe              |     4 |     1 |       ||     5
         Leather armour    |       |    13 |       ||    13
         Animal skin       |       |     1 |    17 ||    18
  Dodge: Dodged            |    15 |    30 |    34 ||    79

Table legend: (Time is in decaauts)
 A = Elapsed time spent in this place.
 B = Non-inter-level travel time spent in this place.
 C = Inter-level travel time spent in this place.
 D = Time resting spent in this place.
 E = Time spent auto-exploring this place.
 F = Levels seen in this place.
 G = Mean time per level.
                   A        B        C        D        E       F      G
               +--------+--------+--------+--------+--------+-----+--------+
         Total |   5737 |   5446 |    291 |    316 |   4317 |   6 |  956.2 |
       Dungeon |   5737 |   5446 |    291 |    316 |   4317 |   6 |  956.2 |
               +--------+--------+--------+--------+--------+-----+--------+

Top non-repeatable levels by time:
     D:2: 1305 daAuts
     D:5: 1258 daAuts
     D:4: 1092 daAuts
     D:3: 939 daAuts
     D:1: 854 daAuts
     D:6: 286 daAuts
